 Seeded DCSS version 0.28.0-43-g3370ac3207 (webtiles) character file.

Game seed: 12420105097104417762 (custom seed)

30 RascalDebosk the Conjurer (level 3, -2/26 HPs)
             Began as a Draconian Conjurer on Mar 25, 2022.
             Slain by Terence
             ... wielding a +0 hand axe
              (6 damage)
             ... on level 2 of the Dungeon.
             The game lasted 00:09:24 (1251 turns).

RascalDebosk the Conjurer (Draconian Conjurer)      Turns: 1251, Time: 00:09:25

Health: -2/26      AC:  5    Str:  9    XL:     3   Next: 3%
Magic:  4/6        EV: 12    Int: 20    God:
Gold:   37         SH:  0    Dex:  9    Spells: 3/6 levels left

rFire   . . .      SeeInvis .   a - staff of conjuration
rCold   . . .      Faith    .   (no shield)
rNeg    . . .      Spirit   .   (armour unavailable)
rPois   .          Reflect  .   (helmet restricted)
rElec   .          Harm     .   (no cloak)
rCorr   .          Rampage  .   (no gloves)
Will    .....                   (no boots)
Stlth   ++........              (no amulet)
HPRegen 0.08/turn               (no ring)
MPRegen 0.10/turn               (no ring)

@: no status effects
A: AC +5, unfitting armour, cold-blooded
a: no special abilities


You were on level 2 of the Dungeon.
You visited 1 branch of the dungeon, and saw 2 of its levels.

You collected 37 gold pieces.

Inventory:

Hand Weapons
 e - a +0 dagger
Magical Staves
 a - a staff of conjuration (weapon)
Scrolls
 b - a scroll of fog {unknown}
 d - a scroll of identify {unknown}
 g - a scroll of immolation {unknown}
 h - a scroll of fear {unknown}
 j - a scroll of teleportation {unknown}
Potions
 c - a potion of curing {unknown}
 f - a potion of berserk rage {unknown}
 i - a potion of resistance {unknown}


   Skills:
 + Level 0.4 Staves
 + Level 2.1 Dodging
 - Level 2.0 Stealth
 + Level 2.2 Spellcasting
 + Level 4.1 Conjurations
 + Level 0.6 Hexes
 + Level 0.8 Translocations


You had 3 spell levels left.
You knew the following spells:

 Your Spells              Type           Power      Damage    Failure   Level
a - Magic Dart            Conj           100%       1d8       2%          1
b - Searing Ray           Conj           56%        2d6       4%          2

Your spell library contained the following spells:

 Spells                   Type           Power      Damage    Failure   Level
 Dazzling Flash           Conj/Hex       34%        N/A       17%         3
 Call Imp                 Summ           2%         N/A       24%         2
 Mephitic Cloud           Conj/Pois/Air  11%        N/A       26%         3
 Tukima's Dance           Hex            4%         N/A       34%         3
 Fulminant Prism          Conj/Hex       8%         3d7       50%         4
 Iskenderun's Mystic Bla  Conj/Tloc      18%        2d6       50%         4
 Anguish                  Hex/Necr       1%         N/A       80%         4
 Enfeeble                 Hex            2%         N/A       100%        7


Dungeon Overview and Level Annotations

Branches:
Dungeon (2/15)

Altars:

Annotations:
D:2 Terence


Innate Abilities, Weirdness & Mutations

Your plain brown scales are hard. (AC +5)
You cannot fit into any form of body armour.
You are cold-blooded and may be slowed by cold attacks.


Message History

You hit Terence but do no damage.
Terence is heavily wounded.
Terence closely misses you. Terence hits you but does no damage.
You hit Terence.
Terence is heavily wounded.
Terence closely misses you.
You barely miss Terence.
You tail-slap Terence, but do no damage.
Terence is heavily wounded.
Terence hits you with a +0 hand axe.
You closely miss Terence. You punch Terence, but do no damage.
Terence is heavily wounded.
Terence hits you with a +0 hand axe.
You barely miss Terence.
Terence is heavily wounded.
Terence misses you.
You hit Terence.
Your tail-slap misses Terence.
Terence is severely wounded.
Terence hits you with a +0 hand axe.
You hit Terence but do no damage.
Your tail-slap misses Terence.
Terence is severely wounded.
Terence hits you but does no damage. Terence hits you with a +0 hand axe.
You closely miss Terence.
Terence is severely wounded.
Terence hits you with a +0 hand axe.
You closely miss Terence.
Terence is severely wounded.
Terence completely misses you.
You barely miss Terence.
Terence is severely wounded.
Terence asks, "Do you want it fast or slow?"
Terence hits you with a +0 hand axe.
* * * LOW HITPOINT WARNING * * *
You hit Terence. Your punch misses Terence.
Terence is almost dead.
Terence barely misses you.
You hit Terence but do no damage.
Terence is almost dead.
Terence hits you with a +0 hand axe.
You die...

........####.....#
.######.# #.....# #.#
###.##### ##'## #.#....
##...## #.#.###
##.....## #.....>
##.......####...##
...#.##.........# #.....
.....g@@........+ ......
.....##.........###.....
... ##.......## #.#..# .
##.....## #.##.# ##...##
#.. .. #+##


You could see Terence and a hobgoblin.

Vanquished Creatures
  An adder (D:2)
  A worm (D:2)
  An endoplasm (D:1)
  3 goblins
  2 hobgoblins
  4 kobolds
  A quokka (D:1)
  2 bats (D:1)
  A frilled lizard (D:2)
16 creatures vanquished.

Notes
Turn   | Place    | Note
-------+----------+-------------------------------------------
     0 | D:1      | RascalDebosk the Draconian Conjurer began the quest for the
                  | Orb.
     0 | D:1      | Reached XP level 1. HP: 14/14 MP: 3/3
   298 | D:1      | Reached XP level 2. HP: 19/20 MP: 0/5
   762 | D:1      | Learned a level 2 spell: Searing Ray
   763 | D:1      | Identified a scroll of acquirement
   763 | D:1      | Acquired a staff of conjuration
  1190 | D:2      | Reached XP level 3. HP: 26/26 MP: 4/6
  1236 | D:2      | Noticed Terence
  1251 | D:2      | Slain by Terence

Illustrated notes

Levels and vault maps discovered:
D:1:      roderic_chinese_lattice_arrival, layout_loops_cross
D:2:      layout_loops_corners, hellmonk_ecumenical_altar_inner_sanctum,
          uniq_terence

Skill      XL: |  1  2 |
---------------+-------+-----
Dodging        | 2 |  2.1
Stealth        | 2 |  2.0
Staves         | |  0.4
Spellcasting   | |  2.2
Conjurations   | |  4.1
Hexes          | |  0.6
Translocations | |  0.8

Action                   || total
-------------------------++-------
Melee: Staff             ||    16
       Tailslap          ||     1
       Punch             ||     1
 Cast: Magic Dart        ||    27
       Searing Ray       ||     3
  Use: Scroll            ||     2
Armor: Skin              ||    10
Dodge: Dodged            ||    25
